 Dungeon Crawl Stone Soup version 0.26-a0-52-gd53d4cd058 (webtiles) character file.

Game seed: 2485262014310903465

27 Ducaba the Skirmisher (level 2, -1/27 HPs)
             Began as a Minotaur Fighter on June 5, 2020.
             Was an Initiate of the Shining One.
             Slain by an adder (5 damage)
             ... on level 2 of the Dungeon.
             The game lasted 00:38:25 (2045 turns).

Ducaba the Skirmisher (Minotaur Fighter)            Turns: 2045, Time: 00:38:25

Health: -1/27      AC:  0    Str: 20    XL:     2   Next: 93%
Magic:  1/1        EV:  9    Int:  5    God:    the Shining One [......]
Gold:   78         SH:  9    Dex:  9    Spells: 1/1 levels left

rFire    . . .     SeeInvis .   a - +0 war axe
rCold    . . .     Gourm    .   c - +0 kite shield
rNeg     . . .     Faith    .   (no armour)
rPois    .         Spirit   .   (helmet restricted)
rElec    .         Reflect  .   (no cloak)
rCorr    .         Harm     .   (no gloves)
MR       .....                  (no boots)
Stlth    +.........             (no amulet)
HPRegen  0.09/turn              (no ring)
MPRegen  0.07/turn              (no ring)

@: lethally poisoned (-1 -> -3), glowing
A: retaliatory headbutt, horns 2
a: Renounce Religion


You were on level 2 of the Dungeon.
You worshipped the Shining One.
The Shining One was noncommittal.
You were not hungry.

You visited 1 branch of the dungeon, and saw 2 of its levels.

You collected 78 gold pieces.

Inventory:

Hand Weapons
 a - a +0 war axe (weapon)
 h - a +0 dagger
Missiles
 i - 36 stones (quivered)
Armour
 c - a +0 kite shield (worn)
Scrolls
 b - 2 scrolls of teleportation {unknown}
 e - 2 scrolls of identify {unknown}
 g - a scroll of blinking {unknown}
 j - a scroll of immolation {unknown}
Potions
 d - 2 potions of might
Comestibles
 f - 5 rations


   Skills:
 + Level 3.9 Fighting
 * Level 3.0 Axes
 + Level 3.9 Armour
 + Level 0.9 Dodging
 + Level 3.9 Shields


You had one spell level left.
You didn't know any spells.
Your spell library was empty.

Dungeon Overview and Level Annotations

Branches:
Dungeon (2/15)

Altars:
Trog
The Shining One

Annotations:
D:1


Innate Abilities, Weirdness & Mutations

You reflexively headbutt those who attack you in melee.
You have a pair of horns on your head.


Message History

You are too injured to fight recklessly!
You are too injured to fight recklessly!
You are too injured to fight recklessly!
You are too injured to fight recklessly!
You are too injured to fight recklessly!
You are too injured to fight recklessly!
You are too injured to fight recklessly!
You are too injured to fight recklessly!
You block the adder's attack. x2
You feel sick. You block the adder's attack.
You feel sick. You block the adder's attack. You block the adder's attack.
The adder bites you.
You feel sick. The adder bites you.
* * * LOW HITPOINT WARNING * * *
The adder bites you.
You die...

######### ########
####### #.......#
#......# #.....#
#.#####.######.####.#
...##.# #.@........##
#.# #..##.#
#S#.#####...###.#
#..##.# #.#.#
#....##.# #..##.#
#.###.#.# #.....#.###
#.....# #.......#
##.[....... ##.#####
#####.### #..###.###
#......# ####.#####
#......# #..###.#
#..... ..# ##.#####
#..# #.# #.##.# #.#
##'##


You could see an adder.

Vanquished Creatures
  An ooze (D:1)
  A dart slug (D:1)
  2 leopard geckos
  2 bats (D:1)
  3 giant cockroaches (D:1)
  2 goblins (D:1)
  A kobold (D:1)
  A quokka (D:2)
  2 frilled lizards (D:1)
  3 rats
18 creatures vanquished.

Notes
Turn   | Place    | Note
-------+----------+-------------------------------------------
     0 | D:1      | Ducaba the Minotaur Fighter began the quest for the Orb.
     0 | D:1      | Reached XP level 1. HP: 19/19 MP: 0/0
   578 | D:1      | Reached XP level 2. HP: 25/27 MP: 1/1
  1172 | D:1      | Found a glowing golden altar of the Shining One.
  1184 | D:1      | x
  1226 | D:1      | Ç
  1240 | D:1      | Became a worshipper of the Shining One
  1922 | D:2      | Found a bloodstained altar of Trog.
  2045 | D:2      | Slain by an adder

Illustrated notes

#### #..# ###
#######
#..####@###
......#
#..##.....#
......#
#..##♣...♣#
......#
#..##.....#
......#
#..##♣...♣#
......# #..####'##
...÷..# #.......#
......####......##
................+


Turn 1184 on D:1: x #### #..# ### ####### #..####@### ......# #..##.....#
......# #..##♣...♣# ......# #..##.....# ......# #..##♣...♣# ......# #..####'##
...÷..# #.......# ......####......## ................+ Turn 1226 on D:1: Ç

Levels and vault maps discovered:
D:1:      lightli_arrival_lavapool, layout_basic, tso_altar
D:2:      layout_loops_corners, lightli_temple_of_fire, grunt_qazlal_clouds

Skill      XL: |  1  2 |
---------------+-------+-----
Axes           | 3 |  3.0
Fighting       | |  3.9
Armour         | |  3.9
Dodging        | |  0.9
Shields        | |  3.9

Action                   || total
-------------------------++-------
Melee: War axe           ||    44
       Headbutt          ||     4
Throw: Stone             ||     2
  Eat: Chunk             ||     3
Dodge: Dodged            ||    21
Block: Kite shield       ||    27

Table legend:
 A = Non-vault XP
 B = Vault XP
 C = Vault XP percentage of total XP
 D = Non-vault monster count
 E = Vault monster count
 F = Vault count percentage of total count
                 A         B        C        D         E       F
            +---------+---------+-------+---------+---------+-------
      Total |      39 |       0 |   0.0 |      18 |       0 |   0.0
            +---------+---------+-------+---------+---------+-------
        D:1 |      33 |       0 |   0.0 |      15 |       0 |   0.0
        D:2 |       6 |       0 |   0.0 |       3 |       0 |   0.0
            +---------+---------+-------+---------+---------+-------
